 Dungeon Crawl Stone Soup version 0.22.0-16-gc6d26f6 (webtiles) character file.

233 Amnesiac the Vandal (level 5, -2/42 HPs)
             Began as a Mummy Hunter on Aug 17, 2018.
             Slain by a gnoll
             ... wielding a +0 halberd
              (12 damage)
             ... on level 2 of the Dungeon.
             The game lasted 00:01:39 (1373 turns).

Amnesiac the Vandal (Mummy Hunter)                  Turns: 1373, Time: 00:01:40

Health: -2/42      AC:  8    Str: 16    XL:     5   Next: 74%
Magic:  5/5        EV:  9    Int: 11    God:
Gold:   62         SH:  0    Dex: 12    Spells: 4/4 levels left

rFire    x . .     SeeInvis .   a - +1 hunting sling
rCold    + . .     Gourm    .   (no shield)
rNeg     + + +     Faith    .   i - +0 scale mail
rPois    ∞         Spirit   .   (no helmet)
rElec    .         Reflect  .   (no cloak)
rCorr    .         Harm     .   f - +1 pair of gloves
MR       .....                  (no boots)
Stlth    ..........             (no amulet)
HPRegen  0.14/turn              (no ring)
MPRegen  0.09/turn              (no ring)

@: no status effects
A: no food or potions, fire vulnerability, cold resistance 1, negative energy
resistance 3, torment resistance, unbreathing
a: no special abilities


You were on level 2 of the Dungeon.
You were not hungry.

You visited 1 branch of the dungeon, and saw 2 of its levels.

You collected 62 gold pieces.

Inventory:

Hand Weapons
 a - a +1 hunting sling (weapon)
 b - a +0 short sword
Missiles
 d - 16 sling bullets (quivered)
 e - 46 stones
Armour
 f - a +1 pair of gloves (worn)
 i - a +0 scale mail (worn)
Scrolls
 c - 4 scrolls of identify {!r, unknown}
 g - 2 scrolls of teleportation {!r, unknown}
 h - 3 scrolls of remove curse {!r, unknown}
 j - a scroll of enchant armour {!r, unknown}


   Skills:
 + Level 3.8 Fighting
 * Level 5.1 Slings
 - Level 1.5 Dodging
 - Level 0.7 Stealth


You had 4 spell levels left.
You didn't know any spells.
Your spell library was empty.

Dungeon Overview and Level Annotations

Branches:
Dungeon (2/15)

Altars:


Innate Abilities, Weirdness & Mutations

You do not eat or drink.
Your flesh is vulnerable to fire.
You are immune to poison.
Your flesh is cold resistant. (rC+)
You are immune to negative energy. (rN+++)
You are immune to unholy pain and torment.
You can survive without breathing.


Message History

Aim: a gnoll, wielding a halberd (moderately wounded)
You shoot a stone. The stone hits the rat.
You kill the rat!
The gnoll closely misses you.
Firing (i - inventory. (/) - cycle)
e - 54 stones (quivered)
Press: ? - help, Shift-Dir - straight line, f - gnoll
Aim: a gnoll, wielding a halberd (moderately wounded)
You shoot a stone. The stone barely misses the gnoll.
The gnoll hits you from afar with a halberd!
Firing (i - inventory. (/) - cycle)
e - 53 stones (quivered)
Press: ? - help, Shift-Dir - straight line, f/p - gnoll
Aim: a gnoll, wielding a halberd (moderately wounded)
You shoot a stone. The stone closely misses the gnoll.
Firing (i - inventory. (/) - cycle)
e - 52 stones (quivered)
Press: ? - help, Shift-Dir - straight line, f/p - gnoll
Aim: a gnoll, wielding a halberd (moderately wounded)
You shoot a stone.
The stone hits the gnoll but does no damage.
The gnoll is moderately wounded.
The gnoll hits you but does no damage.
Firing (i - inventory. (/) - cycle)
e - 51 stones (quivered)
Press: ? - help, Shift-Dir - straight line, f/p - gnoll
Aim: a gnoll, wielding a halberd (moderately wounded)
You shoot a stone. The stone barely misses the gnoll.
The gnoll hits you from afar with a halberd!
* * * LOW HITPOINT WARNING * * *
Firing (i - inventory. (/) - cycle)
e - 50 stones (quivered)
Press: ? - help, Shift-Dir - straight line, f/p - gnoll
Aim: a gnoll, wielding a halberd (moderately wounded)
You shoot a stone. The stone closely misses the gnoll.
The gnoll closely misses you.
Firing (i - inventory. (/) - cycle)
e - 49 stones (quivered)
Press: ? - help, Shift-Dir - straight line, f/p - gnoll
Aim: a gnoll, wielding a halberd (moderately wounded)
You shoot a stone. The stone hits the gnoll.
The gnoll is moderately wounded.
The gnoll hits you from afar with a halberd.
* * * LOW HITPOINT WARNING * * *
Firing (i - inventory. (/) - cycle)
e - 48 stones (quivered)
Press: ? - help, Shift-Dir - straight line, f/p - gnoll
Aim: a gnoll, wielding a halberd (moderately wounded)
You shoot a stone. The stone hits the gnoll.
The gnoll is severely wounded.
Firing (i - inventory. (/) - cycle)
e - 47 stones (quivered)
Press: ? - help, Shift-Dir - straight line, f/p - gnoll
Aim: a gnoll, wielding a halberd (severely wounded)
You shoot a stone. The stone barely misses the gnoll.
The gnoll hits you from afar with a halberd.
* * * LOW HITPOINT WARNING * * *
You are too injured to fight recklessly!
You are too injured to fight recklessly!
You are too injured to fight recklessly!
You are too injured to fight recklessly!
You are too injured to fight recklessly!
You are too injured to fight recklessly!
Quiver which item? (- for none, * to show all) (? for menu, Esc to quit)
Quivering
d - 17 sling bullets for slings.
Firing (i - inventory. (/) - cycle)
d - 17 sling bullets (quivered)
Press: ? - help, Shift-Dir - straight line, f/p - gnoll
Aim: a gnoll, wielding a halberd (severely wounded)
You shoot a sling bullet. The sling bullet hits the gnoll.
The gnoll is almost dead.
The gnoll hits you from afar with a halberd!
You die...

.......###....##..........####.>.
.........>..#.# #......r.## ..
.###...####>#..#####..#.## . ##
#.....##....#####..#)# #
##.....####.......##.###### #
#..)....................... ###
##.#.####....###.......#... ..##
#....##..##..g(....(.....
...#####........@##.........##
#................##........##
#..#####..........#..........
##............................
#######....................... #
##.###.....###.........
############.#######....###.
##....).#.............###
..........#####..######


You could see a gnoll.

Vanquished Creatures
  Sigmund (D:2)
  2 gnolls (D:2)
  An adder (D:2)
  A worm (D:2)
  2 dart slugs
  3 giant cockroaches
  4 goblins
  5 hobgoblins
  8 jackals
  4 bats
  3 frilled lizards
  5 kobolds
  3 rats (D:2)
42 creatures vanquished.

Notes
Turn   | Place    | Note
-------+----------+-------------------------------------------
     0 | D:1      | Amnesiac the Mummy Hunter began the quest for the Orb.
     0 | D:1      | Reached XP level 1. HP: 16/16 MP: 1/1
   120 | D:1      | Reached XP level 2. HP: 19/22 MP: 2/2
   816 | D:2      | Reached XP level 3. HP: 26/28 MP: 3/3
   851 | D:2      | Reached skill level 4 in Slings
  1090 | D:2      | Noticed Sigmund
  1105 | D:2      | Killed Sigmund
  1105 | D:2      | Reached skill level 5 in Slings
  1105 | D:2      | Reached XP level 4. HP: 6/37 MP: 4/4
  1105 | D:2      | Reached XP level 5. HP: 7/42 MP: 5/5
  1373 | D:2      | Slain by a gnoll

Skill      XL: |  1  2  3 |
---------------+----------+-----
Slings         | 5 |  5.1
Fighting       | 3 |  3.8
Dodging        | |  1.5
Stealth        | |  0.7

Action                   |  1- 3 |  4- 6 || total
-------------------------+-------+-------++-------
 Fire: Hunting sling     |   135 |    24 ||   159
Armor: Leather armour    |     8 |       ||     8
       Scale mail        |    14 |     7 ||    21
Dodge: Dodged            |    24 |     6 ||    30
